 Dungeon Crawl Stone Soup version 0.27.0-1-g7a089689b8 (webtiles) character file.

Game seed: 17114708049910742872

1012 Conn the Stinger (level 8, 0/42 HPs)
             Began as a Deep Elf Venom Mage on Aug 1, 2021.
             Was an Initiate of Sif Muna.
             Succumbed to miscasting Olgreb's Toxic Radiance's poison
             ... on level 6 of the Dungeon.
             The game lasted 00:16:00 (5726 turns).

Conn the Stinger (Deep Elf Venom Mage)              Turns: 5726, Time: 00:16:00

Health: 0/42       AC:  8    Str:  4 (5)  XL:     8   Next: 1%
Magic:  14/26      EV: 13    Int: 22 (23) God:    Sif Muna [......]
Gold:   292        SH:  0    Dex: 14 (15) Spells: 6/17 levels left

rFire    . . .     SeeInvis .   o - +1 morningstar (vorpal)
rCold    . . .     Faith    .   (no shield)
rNeg     . . .     Spirit   .   a - +0 robe
rPois    .         Reflect  .   (no helmet)
rElec    .         Harm     .   (no cloak)
rCorr    .         Rampage  .   g - +1 pair of gloves
Will     .....                  (no boots)
Stlth    ++........             (no amulet)
HPRegen  0.14/turn              e - ring of magical power
MPRegen  0.20/turn              i - +4 ring of protection

@: lethally poisoned (0 -> -2), very slightly contaminated
A: no striking features
a: Renounce Religion


You were on level 6 of the Dungeon.
You worshipped Sif Muna.
Sif Muna was noncommittal.
You visited 2 branches of the dungeon, and saw 7 of its levels.

You collected 328 gold pieces.
You spent 36 gold pieces at shops.

Inventory:

Hand Weapons
 d - a +0 dagger
 m - a +0 dagger of draining
 o - a +1 vorpal morningstar (weapon)
 s - the +8 long sword "Vacwok" {antimagic, rElec}
   (You found it on level 5 of the Dungeon)

   It reduces the magical energy of the wielder, and disrupts the spells and
   magical abilities of those it strikes.
   Natural abilities and divine invocations are not affected.
   rElec:     It insulates you from electricity.
Missiles
 b - 58 sling bullets
 p - 33 poisoned darts
Armour
 a - a +0 robe (worn)
 g - a +1 pair of gloves (worn)
 l - a +1 ring mail of fire resistance
Jewellery
 e - a ring of magical power (left hand)
 i - a +4 ring of protection (right hand)
Wands
 k - a wand of iceblast (8)
Scrolls
 c - a scroll of enchant weapon {unknown}
 f - 3 scrolls of teleportation
 h - 7 scrolls of identify
 j - a scroll of magic mapping {unknown}
 n - a scroll of holy word {unknown}
 q - a scroll of acquirement {unknown}


   Skills:
 + Level 0.5 Fighting
 + Level 0.1 Short Blades
 + Level 0.4 Maces & Flails
 + Level 3.4 Dodging
 + Level 3.0 Stealth
 + Level 5.0 Spellcasting
 * Level 3.3 Conjurations
 * Level 2.5 Hexes
 + Level 4.5 Transmutations
 * Level 2.5 Fire Magic
 + Level 2.2 Air Magic
 + Level 5.1 Poison Magic
 * Level 2.2 Invocations
 + Level 0.1 Evocations


You had 6 spell levels left.
You knew the following spells:

 Your Spells              Type           Power      Damage    Failure   Level
a - Sting                 Tmut/Pois      100%       1d8       1%          1
b - Mephitic Cloud        Conj/Pois/Air  21%        N/A       7%          3
c - Olgreb's Toxic Radia  Pois           28%        N/A       12%         4
d - Inner Flame           Hex/Fire       16%        N/A       11%         3

Your spell library contained the following spells:

 Spells                   Type           Power      Damage    Failure   Level
 Poisonous Vapours        Pois/Air       42%        N/A       3%          2
 Cause Fear               Hex            8%         N/A       34%         4
 Discord                  Hex            8%         N/A       100%        8


Dungeon Overview and Level Annotations

Branches:
Dungeon (6/15)             Temple (1/1) D:4

Altars:
Ashenzari
Cheibriados
Dithmenos
Elyvilon
Fedhas
Gozag
Hepliaklqana
Kikubaaqudgha
Makhleb
Nemelex Xobeh
Okawaru
Ru
Sif Muna
Trog
Uskayaw
Vehumet
Wu Jian
Xom
Yredelemnul

Shops:
D:4 ?


Message History

You are very lightly contaminated with residual magic.
Nothing appears to happen.
The centaur is engulfed in noxious fumes.
The centaur appears confused.
The centaur is engulfed in noxious fumes.
The centaur appears confused.
The centaur hits the centaur but does no damage.
The centaur kicks the centaur.
A wyvern skeleton comes into view.
Casting: Olgreb's Toxic Radiance (quite dangerous; 11% risk of failure)
Confirm with . or Enter, or press ? or * to list all spells.
The spell is quite dangerous to cast (11% risk of failure)!
Continue anyway?
You miscast Olgreb's Toxic Radiance.
You feel rather nauseous for a moment!
You are poisoned.
* * * LOW HITPOINT WARNING * * *
x2 You feel sick.
The centaur is engulfed in noxious fumes.
The centaur barely misses the gnoll.
The centaur kicks the gnoll but does no damage.
The centaur hits the centaur.
The centaur barely misses the centaur.
Okay, then.
Okay, then.
It was a potion of degeneration.
There was something very wrong with that liquid.
You feel weakened.
You feel dopey.
You feel clumsy.
* * * LOW HITPOINT WARNING * * *
You feel sick.
The centaur is engulfed in noxious fumes.
The centaur appears confused.
The centaur says, "I'm a little confused."
The gnoll is engulfed in noxious fumes.
The centaur is engulfed in noxious fumes.
The centaur appears confused.
The centaur is engulfed in noxious fumes.
You feel a little less mighty now.
* * * LOW HITPOINT WARNING * * *
You feel sick.
The centaur is engulfed in noxious fumes.
The centaur appears confused.
You die...

#.........##
##.......##
##......#
#.....## #...###
#...# #(..# #...#
. ##.@## # .#.
##..## . ....
##c.##
.####...###
##..###...c......
##cg##..........
#.gZ...........
##....##.......
##[........#
#...##.....#


You could see 2 centaurs, 2 gnolls and a wyvern skeleton.

Vanquished Creatures
  Sigmund (D:5)
  A water moccasin (D:5)
  Duvessa (D:5)
  A black bear (D:5)
  Dowan (D:5)
  A wyvern skeleton (D:5)
  A water moccasin skeleton (D:4)
  3 hounds
  A centaur skeleton (D:6)
  An orc priest (D:5)
  A bullfrog skeleton (D:5)
  An iguana (D:5)
  2 orc wizards
  4 gnolls (D:3)
  4 adders
  An ufetubus (D:6)
  A worm (D:2)
  4 dart slugs
  10 orcs
  6 ball pythons
  8 endoplasms
  3 giant cockroaches
  6 goblins
  7 hobgoblins
  4 quokkas
  3 bats
  6 frilled lizards
  8 kobolds
  6 rats
97 creatures vanquished.

Notes
Turn   | Place    | Note
-------+----------+-------------------------------------------
     0 | D:1      | Conn the Deep Elf Venom Mage began the quest for the Orb.
     0 | D:1      | Reached XP level 1. HP: 10/10 MP: 6/6
   418 | D:1      | Reached XP level 2. HP: 14/15 MP: 5/8
  1027 | D:1      | Reached XP level 3. HP: 19/19 MP: 9/9
  1068 | D:1      | Learned a level 3 spell: Mephitic Cloud
  1827 | D:3      | Found an ornate altar of the Wu Jian Council.
  1899 | D:3      | Found a sacrificial altar of Ru.
  1914 | D:3      | Reached XP level 4. HP: 24/24 MP: 11/11
  2085 | D:3      | Found an iron altar of Okawaru.
  2277 | D:3      | Reached skill level 1 in Conjurations
  2543 | D:3      | Found a hazy altar of Hepliaklqana.
  2613 | D:3      | Reached XP level 5. HP: 22/28 MP: 13/13
  2812 | D:3      | Reached skill level 1 in Air Magic
  2891 | D:3      | Found a faded altar of an unknown god.
  2970 | D:4      | Learned a level 4 spell: Olgreb's Toxic Radiance
  3269 | D:4      | Found a staircase to the Ecumenical Temple.
  3279 | Temple   | Entered the Ecumenical Temple
  3309 | Temple   | Became a worshipper of Sif Muna the Loreminder
  3428 | D:4      | Reached XP level 6. HP: 32/32 MP: 14/14
  3571 | D:4      | Found Kouj's Magic Scroll Emporium.
  3728 | D:4      | Bought a scroll of teleportation for 36 gold pieces
  3856 | D:5      | Entered Level 5 of the Dungeon
  3881 | D:5      | Learned a level 3 spell: Inner Flame
  3966 | D:5      | Found a shimmering altar of Xom.
  4094 | D:5      | Noticed a water moccasin
  4239 | D:5      | Killed a water moccasin
  4240 | D:5      | Reached skill level 1 in Hexes
  4302 | D:5      | Reached skill level 1 in Invocations
  4441 | D:5      | Noticed Sigmund
  4449 | D:5      | Killed Sigmund
  4450 | D:5      | Reached skill level 1 in Fire Magic
  4450 | D:5      | Reached XP level 7. HP: 33/37 MP: 16/16
  4976 | D:5      | Noticed Duvessa
  4976 | D:5      | Noticed Dowan
  4990 | D:5      | Killed Duvessa
  4996 | D:5      | Killed Dowan
  4997 | D:5      | Reached skill level 5 in Spellcasting
  4997 | D:5      | Reached skill level 5 in Poison Magic
  5114 | D:5      | Identified the +8 long sword "Vacwok" {antimagic, rElec}
  5334 | D:5      | Found a radiant altar of Vehumet.
  5334 | D:5      | Found a broken altar of Ashenzari.
  5464 | D:5      | Found a blossoming altar of Fedhas.
  5683 | D:6      | Reached XP level 8. HP: 37/42 MP: 17/17
  5723 | D:6      | HP: 2/42 [poisoned by miscasting Olgreb's Toxic Radiance]
  5726 | D:6      | Succumbed to miscasting Olgreb's Toxic Radiance's poison

Illustrated notes

Levels and vault maps discovered:
D:1:      erik_arrival_cave_to_civilisation [erik_arrival_cave_to_hall],
          layout_rooms, kennysheep_pointless_box
D:2:      layout_rooms
D:3:      layout_basic, mainiacjoe_overflow_small_starburst,
          nicolae_ru_awakened_eye, amcnicky_altar_gilded, lemuel_tele_altar,
          dreamdust_ecumenical_altar_angels_and_demons
D:4:      layout_rooms, minmay_temple_entry_waves, serial_shops,
          nicolae_shop_behind_doors
D:5:      layout_loops_corners, mainiacjoe_overflow_surrounded_room,
          xom_teletrap_fun, gammafunk_temple_overflow_elements, uniq_sigmund,
          uniq_duvessa
D:6:      layout_layer_cave, nicolae_tso_swordbearing_angel
Temple:   minmay_temple_bridge_abc

Skill      XL: |  1  2  3  4  5  6  7 |
---------------+----------------------+-----
Poison Magic   | 4 5 |  5.1
Transmutations | 2 3 4 |  4.5
Conjurations   | 1 2 3 |  3.3
Spellcasting   | 4 5 |  5.0
Air Magic      | 2 |  2.2
Dodging        | 3 |  3.4
Hexes          | 2 |  2.5
Invocations    | 1 2 |  2.2
Fire Magic     | 1 2 |  2.5
Stealth        | 3 |  3.0
Fighting       | |  0.5
Short Blades   | |  0.1
Maces & Flails | |  0.4
Evocations     | |  0.1

Action                   |  1- 3 |  4- 6 |  7- 9 || total
-------------------------+-------+-------+-------++-------
Melee: Unarmed           |     3 |       |       ||     3
       Dagger            |    15 |    55 |       ||    70
       Morningstar       |       |     6 |    19 ||    25
 Cast: Sting             |    66 |   109 |    24 ||   199
       Mephitic Cloud    |       |     2 |     8 ||    10
Evoke: Wand              |       |     2 |       ||     2
  Use: Potion            |       |     4 |     2 ||     6
       Scroll            |       |     1 |     1 ||     2
 Stab: Sleeping          |     1 |       |       ||     1
Armor: Robe              |    19 |    44 |    17 ||    80
Dodge: Dodged            |    38 |    64 |    30 ||   132
